General information
- name: BNet
- type: Ladder 1vs1/FFA
- host: Battle.net
- saver: MeIbu
map: TirisfalGlades
- players: 2
- length: 31:34
- speed: Fast
- version: 1.26 W3XP
- replay type: Public
» download(97 KB)
Players
team 1 (winner)
MeIbu (
blue | 68 APM | 2136 actions | 31:34)
6 Goblin Tinker
3 Pocket Factory
2 Engineering Upgrade
1 Robo-Goblin
» actions
| Assign group hotkey | 58 | |
| Basic commands | 51 | |
| Build / train | 154 | |
| ESC pressed | 3 | |
| Enter build submenu | 89 | |
| Enter hero's abilities submenu | 6 | |
| Give item / drop item | 3 | |
| Remove unit from queue | 1 | |
| Right click | 751 | |
| Select / deselect | 483 | |
| Select group hotkey | 357 | |
| Use ability | 180 | |
2136 total
» units
| Peasant | 30 | |
| Footman | 10 | |
| Mortar Team | 8 | |
| Kobold | 1 | |
| Murloc Huntsman | 1 | |
| Assassin | 1 | |
| Kobold Geomancer | 1 | |
| Sorceress | 1 | |
53 total
» upgrades
| Defend | 1 | |
| Gunpowder | 3 | |
| Masonry | 3 | |
| Lumber Harvesting | 2 | |
| Fragmentation Shards | 1 | |
| Flare | 1 | |
| Plating | 3 | |
| Armor | 3 | |
| Swords | 3 | |
| Magic Sentry | 1 | |
| Sorceress Training | 1 | |
22 total
» buildings
| Barracks | 1 | |
| Farm | 12 | |
| Altar of Kings | 1 | |
| Scout Tower | 51 | |
| Town Hall | 2 | |
| Lumber Mill | 7 | |
| Arcane Tower | 2 | |
| Guard Tower | 32 | |
| Keep | 2 | |
| Blacksmith | 2 | |
| Castle | 2 | |
| Workshop | 2 | |
| Arcane Vault | 4 | |
| Arcane Sanctum | 1 | |
121 total
» build order
00:08 Barracks
00:22 Farm
00:39 Farm
01:06 Altar of Kings
01:39 Farm
02:14 Farm
03:46 Scout Tower
04:10 Town Hall
04:13 Scout Tower
04:20 Lumber Mill
04:31 Arcane Tower
04:48 Arcane Tower
04:58 Scout Tower
05:01 Scout Tower
05:03 Scout Tower
05:41 Scout Tower
05:58 Guard Tower
06:13 Guard Tower
06:13 Guard Tower
06:31 Scout Tower
06:34 Scout Tower
06:35 Scout Tower
06:46 Scout Tower
06:47 Scout Tower
06:49 Scout Tower
07:20 Keep
07:20 Keep
07:38 Guard Tower
07:47 Scout Tower
07:50 Guard Tower
07:55 Guard Tower
08:32 Guard Tower
08:34 Farm
08:36 Blacksmith
08:58 Farm
08:59 Farm
09:03 Farm
09:04 Farm
09:10 Farm
09:10 Farm
09:13 Farm
09:41 Castle
09:51 Scout Tower
09:52 Scout Tower
09:52 Scout Tower
09:58 Workshop
10:05 Workshop
10:12 Scout Tower
10:15 Scout Tower
10:26 Guard Tower
10:28 Guard Tower
10:32 Arcane Vault
10:48 Scout Tower
11:19 Guard Tower
11:28 Arcane Vault
11:39 Guard Tower
11:41 Scout Tower
11:41 Scout Tower
11:46 Scout Tower
11:46 Scout Tower
11:51 Scout Tower
12:41 Guard Tower
14:01 Guard Tower
14:13 Guard Tower
14:15 Scout Tower
14:16 Scout Tower
14:16 Scout Tower
14:29 Scout Tower
14:30 Scout Tower
15:05 Guard Tower
16:13 Guard Tower
16:28 Scout Tower
16:45 Blacksmith
17:18 Guard Tower
17:41 Scout Tower
17:42 Scout Tower
17:49 Scout Tower
17:50 Scout Tower
17:51 Scout Tower
18:02 Scout Tower
18:02 Scout Tower
18:03 Scout Tower
18:03 Scout Tower
18:05 Scout Tower
18:08 Scout Tower
18:12 Guard Tower
18:18 Guard Tower
18:30 Guard Tower
18:32 Guard Tower
18:35 Town Hall
18:41 Guard Tower
19:04 Guard Tower
19:06 Guard Tower
19:15 Guard Tower
19:26 Scout Tower
19:28 Scout Tower
19:35 Scout Tower
19:37 Scout Tower
19:39 Scout Tower
19:44 Scout Tower
19:45 Scout Tower
19:48 Scout Tower
20:03 Arcane Vault
20:47 Arcane Vault
20:59 Guard Tower
21:33 Guard Tower
21:35 Guard Tower
21:36 Guard Tower
23:10 Lumber Mill
23:42 Guard Tower
24:06 Arcane Sanctum
24:58 Lumber Mill
25:19 Lumber Mill
25:24 Lumber Mill
25:48 Guard Tower
27:46 Lumber Mill
29:32 Lumber Mill
» items
| Scroll of Regeneration | 7 | |
| Ivory Tower | 18 | |
| Staff of Sanctuary | 1 | |
| Scroll of Town Portal | 2 | |
| Potion of Invisibility | 2 | |
| Boots of Speed | 1 | |
| Staff of Teleportation | 1 | |
32 total
team 2 (loser)
Palamin (
green | 67 APM | 2105 actions | 31:32)
5 Death Knight
3 Death Coil
1 Unholy Aura
1 Death Pact
4 Lich
2 Frost Nova
2 Frost Armor
» actions
| Assign group hotkey | 54 | |
| Basic commands | 226 | |
| Build / train | 72 | |
| Enter build submenu | 19 | |
| Enter hero's abilities submenu | 9 | |
| Right click | 677 | |
| Select / deselect | 297 | |
| Select group hotkey | 649 | |
| Use ability | 102 | |
2105 total
» units
| Acolyte | 3 | |
| Ghoul | 2 | |
| Crypt Fiend | 16 | |
| Obsidian Statue | 6 | |
| Meatwagon | 5 | |
| Necromancer | 9 | |
41 total
» upgrades
| Burrow | 1 | |
| Web | 1 | |
| Cannibalize | 1 | |
| Destroyer Form | 1 | |
| Necromancer Training | 1 | |
| Creature Attack | 1 | |
| Skeletal Longevity | 1 | |
| Exhume Corpses | 1 | |
8 total
» buildings
| Crypt | 1 | |
| Graveyard | 1 | |
| Altar of Darkness | 1 | |
| Ziggurat | 8 | |
| Tomb of Relics | 2 | |
| Halls of the Dead | 2 | |
| Slaughterhouse | 1 | |
| Black Citadel | 1 | |
| Temple of the Damned | 1 | |
| Sacrificial Pit | 1 | |
| Necropolis | 1 | |
20 total
» build order
00:10 Crypt
00:14 Graveyard
00:40 Altar of Darkness
00:58 Ziggurat
01:24 Ziggurat
01:38 Tomb of Relics
03:45 Ziggurat
04:42 Halls of the Dead
06:44 Ziggurat
07:13 Slaughterhouse
10:25 Black Citadel
11:53 Ziggurat
12:19 Ziggurat
12:36 Ziggurat
16:23 Temple of the Damned
18:59 Sacrificial Pit
21:10 Necropolis
21:21 Tomb of Relics
21:28 Ziggurat
23:20 Halls of the Dead
» items
| Rod of Necromancy | 4 | |
| Potion of Lesser Invulnerability | 1 | |
| Scroll of Protection | 1 | |
| Scroll of Town Portal | 2 | |
| Orb of Corruption | 1 | |
9 total
Chat log
(00:12 / All) MeIbu: fundead
(20:28 / All) MeIbu: lol